 Dungeon Crawl Stone Soup version 0.30.1-3-gfc49f6343a (webtiles) character file.

Game seed: 14445163148816394419

2345 Wiggles the Cleaver (level 9, 0/70 HPs)
             Began as a Minotaur Berserker on Aug 2, 2023.
             Was a Priest of Trog.
             Slain by an unseen horror (6 damage)
             ... on level 7 of the Dungeon.
             The game lasted 00:09:18 (5674 turns).

Wiggles the Cleaver (Minotaur Berserker)            Turns: 5674, Time: 00:09:18

Health: 0/70       AC:  9    Str: 27    XL:     9   Next: 20%
Magic:  8/8        EV:  9    Int:  4    God:    Trog [***...]
Gold:   299        SH:  0    Dex:  9    Spells: 8/8 levels left

rFire   . . .        o - +4 broad axe (flame)
rCold   . . .        (no shield)
rNeg    . . .        n - +1 chain mail
rPois   .            (helmet restricted)
rElec   .            (no cloak)
rCorr   .            (no gloves)
SInv    .            (no boots)
Will    .....        (no amulet) Stlth
                     (no ring)
HPRegen 0.31/turn    (no ring)
MPRegen 0.11/turn

%: no passive effects
@: no status effects
A: horns 2, retaliatory headbutt
a: Renounce Religion, Berserk, Trog's Hand


You were on level 7 of the Dungeon.
You worshipped Trog.
Trog was most pleased with you.
You visited 1 branch of the dungeon, and saw 7 of its levels.

You collected 299 gold pieces.

Inventory:

Hand Weapons
 o - a +4 broad axe of flaming (weapon)
Armour
 n - a +1 chain mail (worn)
Wands
 m - a wand of charming (16)
Scrolls
 d - a scroll of magic mapping
 e - 4 scrolls of teleportation
 g - a scroll of brand weapon
Potions
 a - a potion of attraction
 b - 2 potions of flight {unknown}
 c - 2 potions of curing
 f - a potion of lignification
 i - 3 potions of mutation
 k - 2 potions of degeneration
 r - a potion of brilliance {unknown}
 s - a potion of might {unknown}


   Skills:
 - Level 3.6 Fighting
 + Level 14.5 Axes
 - Level 2.4 Armour
 - Level 2.1 Dodging
 + Level 2.1 Stealth


You had 8 spell levels left.
You didn't know any spells.
Your spell library was empty.

Dungeon Overview and Level Annotations

Branches:
Dungeon (7/15)
 Temple: D:4-7

Altars:
Ashenzari
Dithmenos
Nemelex Xobeh
Okawaru
Qazlal
Ru
Sif Muna
Xom
Zin

Shops:
D:2 [


Innate Abilities, Weirdness & Mutations

You have a pair of horns on your head.
You reflexively headbutt those who attack you in melee.


Message History

Something hits you!
You miss something. Something hits you but does no damage. Something hits you.
Something hits you but does no damage. Something hits you but does no damage.
Something hits you! Something hits you but does no damage.
Something completely misses you. Something hits you.
You closely miss something. Something hits you. Something hits you!
Something hits you but does no damage. Something hits you but does no damage.
You miss something. Something hits you but does no damage.
Something hits you but does no damage. Something hits you but does no damage.
You slash something! You burn something. Something hits you!
Something hits you but does no damage. Something completely misses you.
Something hits you.
You closely miss something. Something hits you but does no damage.
Something hits you but does no damage. Something hits you.
You closely miss something. Your headbutt misses something.
Something hits you but does no damage. Something hits you but does no damage.
You hit something. You burn something. Something hits you!
* * * LOW HITPOINT WARNING * * *
Something hits you.
* * * LOW HITPOINT WARNING * * *
Something hits you.
* * * LOW HITPOINT WARNING * * *
Something hits you but does no damage. Something hits you but does no damage.
Something hits you.
* * * LOW HITPOINT WARNING * * *
Something hits you.
* * * LOW HITPOINT WARNING * * *
Something hits you but does no damage. x2
Something hits you but does no damage. Something hits you.
* * * LOW HITPOINT WARNING * * *
Something hits you.
You die...

### ###<####
#.{@...#
#.#....#
#.########
#.#......#
#####.#.##.###
#.....#.##.#
#.#####.##.#
#.# #.##.#
.#######.#
#.##.#


There were no monsters in sight!

Vanquished Creatures
  Grinder (D:4)
  Prince Ribbit (D:5)
  Sigmund (D:2)
  A shadow (D:5)
  2 water moccasins
  Duvessa (D:4)
  An ice beast (D:3)
  A sky beast (D:4)
  An ogre (D:5)
  2 phantoms (D:6)
  A kobold brigand (D:6)
  A bullfrog (D:6)
  3 scorpions
  Dowan (D:4)
  A howler monkey (D:5)
  A jelly (D:6)
  A hound (D:6)
  3 iguanas
  A sleepcap (D:6)
  Jessica (D:3)
  Natasha (thrice) (D:3)
  Terence (D:2)
  2 orc wizards (D:5)
  Ijyb (D:3)
  8 adders
  An ufetubus (D:6)
  2 dart slugs (D:2)
  8 orcs
  7 ball pythons
  8 endoplasms
  3 giant cockroaches
  2 goblins
  3 hobgoblins
  13 jackals
  4 quokkas
  2 bats
  4 frilled lizards
  9 kobolds
  A rat (D:3)
108 creatures vanquished.

Notes
Turn   | Place    | Note
-------+----------+-------------------------------------------
     0 | D:1      | Wiggles the Minotaur Berserker began the quest for the Orb.
     0 | D:1      | Reached XP level 1. HP: 19/19 MP: 0/0
   121 | D:1      | Found a faded altar of an unknown god.
   124 | D:1      | Reached skill level 4 in Axes
   352 | D:1      | Reached XP level 2. HP: 25/26 MP: 1/1
   436 | D:1      | Found Vupsusof's Armour Shoppe.
   590 | D:2      | Found Segg's Armour Shoppe.
   636 | D:2      | Noticed Sigmund
   649 | D:2      | Killed Sigmund
   650 | D:2      | Reached skill level 7 in Axes
   650 | D:2      | Reached XP level 3. HP: 31/31 MP: 2/2
   650 | D:2      | Reached XP level 4. HP: 39/39 MP: 3/3
   650 | D:2      | Reached XP level 5. HP: 45/45 MP: 4/4
   675 | D:2      | Noticed Terence
   683 | D:2      | Killed Terence
  1068 | D:3      | Noticed an ice beast
  1076 | D:3      | Killed an ice beast
  1077 | D:3      | Reached skill level 8 in Axes
  1077 | D:3      | Reached XP level 6. HP: 51/51 MP: 5/5
  1203 | D:3      | Found an iron altar of Okawaru.
  1330 | D:3      | Noticed Ijyb
  1485 | D:3      | Noticed Jessica
  1491 | D:3      | Killed Jessica
  1492 | D:3      | Killed Ijyb
  1493 | D:3      | Reached skill level 1 in Stealth
  1524 | D:3      | Noticed Natasha
  1534 | D:3      | Killed Natasha
  1771 | D:3      | Found a shimmering blue altar of Sif Muna.
  1849 | D:3      | Reached skill level 9 in Axes
  1905 | D:3      | Noticed Natasha
  1913 | D:3      | Killed Natasha
  2168 | D:3      | Noticed Natasha
  2176 | D:3      | Killed Natasha
  2203 | D:4      | Noticed Grinder
  2209 | D:4      | Killed Grinder
  2210 | D:4      | Reached skill level 10 in Axes
  2210 | D:4      | Reached XP level 7. HP: 57/57 MP: 6/6
  2325 | D:4      | Reached ** piety under Trog
  2383 | D:4      | Noticed Dowan
  2384 | D:4      | Noticed Duvessa
  2393 | D:4      | Killed Dowan
  2394 | D:4      | Killed Duvessa
  2570 | D:4      | Reached skill level 11 in Axes
  2937 | D:4      | Reached XP level 8. HP: 63/64 MP: 7/7
  3430 | D:5      | Entered Level 5 of the Dungeon
  3447 | D:5      | Identified the +1 ring mail of Dozonout {rElec rC++ rCorr
                  | Str-2}
  3530 | D:5      | Noticed Prince Ribbit
  3552 | D:5      | Reached skill level 12 in Axes
  3554 | D:5      | Killed Prince Ribbit
  3900 | D:5      | Reached skill level 13 in Axes
  3914 | D:5      | Reached *** piety under Trog
  4160 | D:5      | Found the +7 Throatcutter {drain, coup de grace}
  4514 | D:6      | Found a shimmering altar of Xom.
  4677 | D:6      | Reached XP level 9. HP: 70/70 MP: 8/8
  4702 | D:6      | Reached skill level 14 in Axes
  5001 | D:6      | Found a glowing silver altar of Zin.
  5020 | D:6      | Found a shadowy altar of Dithmenos.
  5023 | D:6      | Found a stormy altar of Qazlal.
  5023 | D:6      | Found a broken altar of Ashenzari.
  5023 | D:6      | Found a sacrificial altar of Ru.
  5023 | D:6      | Found a sparkling altar of Nemelex Xobeh.
  5674 | D:7      | Slain by an unseen horror

Illustrated notes

Levels and vault maps discovered:
D:1:      minmay_arrival_stair_chambers, layout_basic, serial_shops, shop,
          shapermc_ecumenical_altar_mp_ritualfount, chequers_arboretum
D:2:      layout_rooms, serial_shops, nicolae_shop_crystal, uniq_terence,
          uniq_sigmund
D:3:      layout_basic, okawaru_ov_weapons_minmay, led_sif_pool,
          serial_co_window_serial, co_window_corner_a, co_window_corner_a,
          co_window_corner_a, co_window_corner_a, co_window_corner_a,
          co_window_2corner, co_window_paths_c, co_window_cross_2,
          co_window_broadway_b, glass_columns_c, uniq_ijyb, uniq_jessica,
          uniq_natasha
D:4:      layout_gridville, uniq_grinder, uniq_duvessa
D:5:      layout_cave_pools, uniq_prince_ribbit1
D:6:      layout_cave_pods, grunt_temple_overflow_open,
          mainiacjoe_overflow_catwalk, kennysheep_mini, serial_rivers,
          chequers_serial_rivers_micro_a, chequers_serial_rivers_small_a,
          chequers_serial_rivers_small_a, chequers_serial_rivers_micro_d
D:7:      layout_basic, minmay_temple_entry_glassed_door, gammafunk_ghost_split,
          minivault_22, hangedman_decor_opposing, minmay_misc_feat_ornament,
          grunt_decor_clamped, minmay_hedge_maze, kennysheep_path_1

Skill      XL: |  1  2  3  4  5  6  7  8  9 |
---------------+----------------------------+-----
Axes           | 4 7 8 10 11 13 14 | 14.5
Stealth        | 1 2 |  2.1
Fighting       | |  3.6
Armour         | |  2.4
Dodging        | |  2.1

Action                     |  1- 3 |  4- 6 |  7- 9 || total
---------------------------+-------+-------+-------++-------
  Melee: Hand axe          |    23 |       |       ||    23
         Headbutt          |     5 |     8 |    14 ||    27
         War axe           |    17 |    68 |    36 ||   121
         Punch             |       |     1 |     3 ||     4
         Broad axe         |       |       |   124 ||   124
 Invoke: Berserk           |     1 |     3 |     3 ||     7
    Use: Scroll            |       |       |    16 ||    16
         Potion            |       |       |     2 ||     2
 Armour: Ring mail         |     8 |       |       ||     8
         Animal skin       |     2 |       |       ||     2
         Scale mail        |     3 |    22 |     7 ||    32
         Chain mail        |       |       |    97 ||    97
  Dodge: Dodged            |    14 |    43 |    69 ||   126
